Map: Overgrown Facility

Players

Creed

  • Race: Terran Terran
  • League: Silver
  • Spawn Location: 3:00

SPILLO

  • Race: Protoss Protoss
  • League: Silver
  • Spawn Location: 1:00

ILIEKEGGPIE - Winner!

  • Race: Protoss Protoss
  • League: Platinum
  • Spawn Location: 7:00

LEGIER - Winner!

  • Race: Protoss Protoss
  • Spawn Location: 9:00

VOD

Have the link to the VOD?

Description

Time

  • Played on: April 26, 2018, 7:09 p.m.
  • Length: 17:39
Show
View Real Time Build Order
Export as new Build Order

Creed Terran 

Build Orders:  

Get SALT Encoding   

  12  0:02  SCV  
  13  0:14  SCV  
  14  0:26  SCV  
  15  0:32  Supply Depot  
  15  0:48  Refinery  
  15  0:52  Refinery  
  15  0:53  SCV  
  16  1:05  SCV  
  17  1:12  Barracks  
  17  1:29  SCV  
  17  1:32  Barracks  
  18  1:41  SCV  
  19  1:53  SCV  
  20  2:04  Barracks Reactor  
  20  2:05  Supply Depot, SCV  
  21  2:18  SCV  
  21  2:22  Barracks Tech Lab  
  22  2:26  Factory  
  22  2:30  SCV  
  22  2:32  Supply Depot  
  23  2:42  Marine x2, SCV  
  26  2:54  SCV  
  26  2:58  Supply Depot  
  27  3:02  Marine  
  28  3:06  SCV  
  28  3:11  Factory Tech Lab  
  29  3:18  SCV  
  29  3:19  Engineering Bay  
  30  3:22  Supply Depot  
  30  3:26  Marine  
  31  3:30  Marauder, SCV  
  31  3:32  Stimpack  
  34  3:39  Siege Tank  
  37  3:47  Missile Turret  
  35  4:18  Siege Tank  
  38  4:39  Command Center  
  38  5:11  Siege Tank  
  41  5:14  Missile Turret  
  41  5:18  Marine x2  
  41  5:19  Marauder  
  45  6:04  SCV  
  46  6:14  SCV  
  46  6:16  SCV  
  48  6:22  Starport  
  48  6:23  Starport  
  48  6:26  SCV  
  48  6:28  Supply Depot, SCV  
  46  6:40  SCV  
  42  6:53  SCV  
  38  7:23  Siege Tank  
  34  7:55  Siege Tank  
  26  8:36  Siege Tank  
  29  8:42  Starport Reactor  
  29  8:49  Starport Reactor  
  29  8:56  Marine x2  
  31  9:14  Refinery  
  31  9:16  Refinery  
  31  9:26  Command Center  
  31  9:29  SCV  
  32  9:41  SCV  
  32  9:44  Liberator  
  33  9:53  SCV  
  34  10:05  SCV  
  38  10:17  Marine  
  39  10:21  Liberator  
  39  10:28  Supply Depot  
  39  10:29  Supply Depot  
  39  10:38  Marine, SCV  
  44  10:50  Liberator, SCV  
  44  10:53  Marine  
  44  10:55  Marine  
  47  11:02  SCV  
  51  11:14  SCV x2  
  51  11:18  Liberator  
  53  11:26  SCV x2  
  55  11:38  SCV  
  59  11:47  Refinery  
  59  11:49  Refinery  
  59  11:50  SCV x2  
  61  12:02  SCV  
  62  12:14  SCV  
  57  12:26  SCV  
  57  12:27  Marine x2  
  60  12:34  Medivac x2  
  64  12:39  SCV  
  65  12:48  Supply Depot  
  65  12:51  SCV  
  66  12:56  Supply Depot  
  66  13:03  SCV  
  67  13:12  Liberator x2  
  67  13:15  SCV  
  68  13:25  Marine x2  
  68  13:26  Siege Tank  
  66  13:27  SCV  
  73  13:56  Marine x2  
  73  13:57  Marauder  
  73  13:58  Siege Tank  
  80  14:05  Factory  
  80  14:19  SCV  
  80  14:24  Marine x2  
  81  14:26  SCV  
  86  14:31  Marauder  
  86  14:38  SCV  
  86  14:40  Siege Tank  
  86  14:41  Marine  
  86  14:42  Marine  
  83  14:46  Barracks x2  
  83  14:50  Factory Tech Lab  
  83  14:51  SCV  
  84  14:52  Factory  
  84  14:59  Marine  
  85  15:00  Marine  
  86  15:42  Barracks Reactor  
  86  15:43  Barracks Reactor  
  86  15:54  Supply Depot  
  86  15:56  Supply Depot  
  86  15:58  Liberator x2  
  86  16:02  Marine  
  86  16:06  SCV  
  86  16:11  Marine  
  86  16:15  Marauder, Siege Tank  
  90  16:19  SCV  
  90  16:20  Marine  
  66  16:29  Marine  
  66  16:30  Siege Tank  
  66  16:31  SCV  
  61  16:43  SCV  
  56  16:48  Widow Mine  
Show
View Real Time Build Order
Export as new Build Order

SPILLO Protoss 

Build Orders: 1 Gate Expand, Oracle Opening 

Get SALT Encoding   

  12  0:01  Probe  
  13  0:14  Probe  
  14  0:21  Pylon  
  14  0:26  Probe  
  15  0:39  Probe  
  15  0:40  Gateway  
  16  0:48  Assimilator  
  16  0:51  Probe  
  17  1:03  Probe  
  18  1:15  Probe  
  19  1:32  Nexus  
  19  1:44  Cybernetics Core  
  19  1:46  Probe  
  20  1:54  Assimilator  
  20  2:01  Probe  
  21  2:08  Forge  
  21  2:24  Pylon  
  21  2:39  Probe  
  22  2:46  Stargate  
  22  2:53  Photon Cannon  
  22  2:59  Photon Cannon  
  22  3:08  Probe  
  22  3:11  Probe  
  24  3:20  Oracle, Probe  
  24  3:23  Probe  
  29  3:39  Probe  
  29  3:40  Probe  
  29  3:41  Pylon  
  31  3:48  Void Ray  
  31  3:51  Probe, Pylon  
  36  4:09  Probe x2  
  38  4:20  Assimilator  
  38  4:21  Stargate  
  38  4:22  Assimilator  
  38  4:34  Void Ray  
  42  5:06  Void Ray  
  42  5:13  Probe x2  
  44  5:25  Probe  
  45  5:37  Probe  
  46  5:44  Photon Cannon  
  46  5:51  Fleet Beacon  
  46  5:55  Void Ray x2, Pylon  
  54  6:00  Probe x2  
  56  6:12  Probe x2  
  58  6:24  Probe  
  59  6:30  Nexus  
  59  6:33  Probe  
  59  6:34  Pylon  
  59  6:36  Graviton Catapult  
  59  6:38  Assimilator  
  60  6:41  Assimilator  
  48  7:11  Carrier x2  
  57  7:27  Stargate  
  57  7:28  Stargate  
  57  7:29  Probe x2  
  59  7:41  Probe x2  
  61  8:16  Carrier x2  
  73  8:20  Probe x2  
  73  8:21  Probe  
  73  8:22  Protoss Air Weapons Level 1  
  76  8:32  Probe x2  
  78  8:41  Carrier  
  78  8:42  Carrier  
  78  8:44  Probe  
  91  9:19  Probe x2  
  93  9:39  Pylon  
  93  9:40  Pylon  
  93  9:47  Protoss Shields Level 1  
  93  9:56  Void Ray  
  93  9:57  Probe x3  
  93  9:58  Void Ray  
  104  10:00  Pylon  
  104  10:04  Protoss Air Armor Level 1  
  104  10:06  Twilight Council  
  104  10:09  Probe x3  
  107  10:18  Void Ray  
  107  10:19  Void Ray  
  107  10:21  Probe  
  116  10:29  Pylon x2  
  116  10:31  Pylon  
  116  10:37  Mothership  
  116  10:46  Cybernetics Core  
  124  10:54  Photon Cannon  
  124  11:07  Carrier x2  
  136  11:49  Nexus  
  136  11:54  Assimilator  
  136  11:55  Assimilator  
  136  11:56  Protoss Air Weapons Level 2  
  136  11:59  Pylon  
  136  12:01  Pylon  
  136  12:03  Probe  
  136  12:04  Probe  
  136  12:05  Pylon  
  136  12:08  Protoss Shields Level 2, Protoss Air Armor Level 2  
  138  12:09  Pylon  
  138  12:16  Carrier, Probe  
  138  12:19  Carrier  
  151  12:31  Probe  
  151  12:32  Carrier  
  151  12:37  Void Ray  
  158  12:43  Probe  
  163  12:50  Probe x2  
  165  12:55  Probe  
  166  13:02  Probe  
  166  13:03  Probe  
  160  13:08  Probe  
  117  13:33  Carrier  
  108  13:42  Carrier  
  106  14:09  Protoss Air Weapons Level 3  
  106  14:13  Carrier x2  
  115  14:57  Pylon  
  115  14:58  Carrier  
  109  15:08  Carrier  
  91  15:38  Carrier  
  91  15:39  Carrier  
  103  15:47  Photon Cannon  
  103  15:49  Photon Cannon  
  103  15:51  Photon Cannon  
  103  15:54  Pylon  
  103  15:57  Pylon  
  103  15:59  Probe  
  92  16:11  Probe  
  81  16:23  Probe  
  87  16:33  Void Ray  
  74  16:55  Void Ray x2  
Show
View Real Time Build Order
Export as new Build Order

ILIEKEGGPIE Protoss - Winner!

Build Orders:  

Get SALT Encoding   

  12  0:01  Probe  
  13  0:13  Probe  
  14  0:19  Pylon  
  14  0:25  Probe  
  15  0:35  Probe  
  15  0:41  Gateway  
  16  0:43  Probe  
  17  0:51  Probe  
  17  0:56  Assimilator  
  18  1:03  Probe  
  19  1:15  Probe, Pylon  
  20  1:28  Probe  
  21  1:34  Cybernetics Core  
  21  1:40  Probe  
  21  1:42  Assimilator  
  22  1:52  Probe  
  23  2:04  Probe, Warp Gate  
  24  2:08  Gateway  
  24  2:09  Stalker  
  24  2:11  Gateway  
  26  2:48  Pylon  
  26  2:52  Stalker  
  26  2:54  Stalker  
  30  3:06  Stalker  
  30  3:09  Gateway  
  32  3:13  Shield Battery  
  32  3:40  Stalker x3  
  38  3:41  Shield Battery  
  38  4:25  Pylon  
  38  4:27  Pylon  
  38  4:47  Stalker  
  38  4:48  Stalker x2  
  38  4:49  Stalker  
  46  5:05  Nexus  
  46  5:08  Pylon  
  44  5:58  Robotics Facility, Pylon  
  44  6:02  Stalker x3  
  44  6:03  Stalker  
  52  6:09  Probe  
  52  6:10  Twilight Council  
  53  6:18  Probe  
  53  6:23  Probe  
  55  6:26  Probe  
  56  6:35  Probe  
  56  6:36  Probe  
  59  6:47  Probe  
  59  6:48  Probe  
  58  6:57  Blink  
  56  7:03  Stalker  
  56  7:04  Stalker x3  
  57  7:16  Probe x2  
  59  7:28  Probe  
  60  7:32  Stalker x2  
  60  7:33  Stalker x2  
  68  7:46  Probe  
  68  7:47  Probe  
  70  7:55  Probe  
  70  7:59  Probe  
  70  8:01  Assimilator  
  70  8:03  Probe  
  70  8:05  Assimilator  
  72  8:11  Probe  
  61  8:13  Probe  
  60  8:23  Probe  
  60  8:26  Immortal  
  61  8:31  Probe  
  61  8:35  Probe  
  67  8:43  Probe  
  67  8:47  Probe  
  69  8:55  Forge  
  69  8:57  Forge  
  69  8:58  Gateway  
  69  9:02  Pylon  
  69  9:22  Protoss Ground Armor Level 1, Protoss Ground Weapons Level 1  
  69  9:29  Nexus  
  69  9:30  Pylon  
  69  9:32  Pylon  
  69  9:36  Assimilator, Gateway  
  69  9:37  Gateway  
  69  9:38  Assimilator  
  69  9:43  Pylon  
  69  9:58  Gateway  
  69  10:01  Gateway  
  69  10:02  Stalker x3  
  75  10:14  Probe  
  76  10:22  Photon Cannon  
  76  10:24  Shield Battery  
  76  10:27  Gateway  
  77  10:28  Gateway, Probe  
  77  10:38  Probe  
  77  10:41  Probe x2  
  80  10:46  Probe  
  80  10:53  Probe x2  
  83  10:58  Probe  
  82  11:05  Probe x2  
  82  11:06  Stalker  
  82  11:07  Stalker x2, Probe  
  82  11:08  Stalker  
  93  11:17  Templar Archives  
  93  11:54  Psionic Storm  
  93  11:55  Pylon  
  93  11:57  Protoss Ground Armor Level 2, Protoss Ground Weapons Level 2  
  93  11:58  Pylon  
  93  12:11  High Templar  
  93  12:12  High Templar x6  
  93  12:13  High Templar x3  
  113  12:38  Probe x3  
  116  13:00  Pylon  
  116  13:02  Pylon  
  92  13:49  Archon  
  92  13:50  Archon x2  
  92  13:51  Stalker x3  
  92  13:52  Stalker x6  
  92  13:53  Stalker x2  
  102  14:06  Protoss Ground Weapons Level 3, Protoss Ground Armor Level 3  
  90  14:20  Stalker x3  
  90  14:21  Stalker x5  
  90  14:22  Stalker  
  90  14:23  Stalker  
  90  14:24  Stalker  
  112  14:32  Probe x3  
  103  14:48  Nexus  
  103  14:50  Pylon  
  95  14:53  Pylon  
  67  15:13  Stalker x4  
  67  15:14  High Templar x2  
  77  15:15  High Templar x5  
  89  15:47  Gateway  
  89  15:50  Gateway  
  89  15:54  Pylon  
  85  16:43  Stalker x5  
  85  16:44  Stalker x3  
  85  16:45  Stalker x2  
  97  17:38  Pylon  
Show
View Real Time Build Order
Export as new Build Order

LEGIER Protoss - Winner!

Build Orders:  

Get SALT Encoding   

  12  0:04  Probe  
  13  0:16  Probe  
  14  0:24  Pylon  
  15  0:28  Probe  
  15  0:42  Probe  
  16  0:45  Forge  
  16  0:51  Probe  
  16  0:53  Pylon  
  17  0:59  Probe  
  18  1:08  Probe  
  18  1:13  Gateway  
  19  1:23  Photon Cannon  
  19  1:31  Photon Cannon  
  19  1:44  Assimilator  
  19  1:49  Assimilator, Probe  
  19  1:52  Pylon  
  20  2:00  Pylon  
  20  2:01  Probe  
  21  2:22  Cybernetics Core  
  21  2:30  Pylon  
  21  2:32  Pylon  
  21  2:35  Photon Cannon  
  21  2:44  Pylon  
  21  2:54  Photon Cannon  
  21  3:24  Nexus  
  21  3:43  Photon Cannon  
  21  3:48  Stargate  
  21  3:59  Stargate  
  21  4:12  Stargate  
  21  4:26  Photon Cannon  
  17  4:47  Photon Cannon  
  17  5:11  Fleet Beacon  
  18  5:14  Probe  
  18  5:26  Probe  
  19  5:38  Probe  
  20  5:51  Pylon, Probe  
  21  6:03  Probe  
  22  6:15  Probe  
  23  6:25  Nexus  
  23  6:27  Probe  
  24  6:33  Pylon  
  24  6:39  Probe  
  25  6:45  Assimilator  
  25  6:51  Probe  
  25  6:52  Assimilator  
  26  7:00  Protoss Shields Level 1  
  26  7:01  Photon Cannon  
  26  7:03  Probe  
  26  7:04  Protoss Air Weapons Level 1  
  27  7:12  Anion Pulse-Crystals  
  27  7:35  Photon Cannon  
  27  7:40  Probe  
  28  7:51  Probe  
  29  7:52  Probe  
  29  7:56  Carrier  
  30  8:03  Probe  
  30  8:05  Probe  
  32  8:15  Probe  
  32  8:17  Probe  
  40  8:26  Carrier  
  40  8:27  Probe  
  41  8:39  Probe  
  42  8:43  Carrier  
  48  8:51  Probe  
  49  8:58  Assimilator  
  49  9:03  Probe  
  49  9:04  Assimilator  
  49  9:05  Carrier  
  56  9:23  Probe  
  63  9:37  Carrier  
  63  9:51  Pylon  
  63  9:53  Pylon  
  63  9:58  Pylon  
  69  10:04  Carrier  
  75  10:36  Carrier  
  75  10:39  Protoss Air Weapons Level 2  
  81  10:48  Graviton Catapult  
  81  10:57  Twilight Council  
  81  11:05  Carrier  
  87  11:27  Robotics Facility  
  87  11:33  Carrier  
  93  12:04  Protoss Shields Level 2  
  93  12:16  Carrier  
  99  12:30  Observer  
  99  12:36  Carrier  
  106  12:52  Observer  
  89  13:09  Carrier  
  59  13:30  Carrier  
  58  13:36  Probe  
  59  13:45  Carrier  
  59  13:48  Probe  
  66  14:00  Observer, Probe  
  74  14:12  Probe  
  75  14:19  Stargate  
  75  14:21  Stargate  
  75  14:23  Stargate  
  75  14:27  Void Ray  
  79  14:47  Void Ray  
  83  15:08  Void Ray  
  83  15:10  Void Ray x2  
  83  15:30  Void Ray x2  
  83  15:31  Void Ray  
  95  15:51  Void Ray  
  83  16:33  Void Ray  
  83  16:34  Void Ray x4  
  103  16:51  Void Ray  
Tags
 
Add a new tag
Caveats
  • Supply blocks, unpowered buildings, or Contaminate may cause inaccurate times.
  • Supply counts are checked every 10 seconds.